 Dungeon Crawl Stone Soup version 0.29.1-13-g9f3cf754e1 (webtiles) character file.

Game seed: 5434869483354255368

7 Exodus22XD the Trooper (level 1, 20/20 HPs)
             Began as a Minotaur Fighter on Feb 4, 2023.
             Was a Follower of Vehumet.
             Quit the game on level 1 of the Dungeon.
             The game lasted 00:00:19 (339 turns).

Exodus22XD the Trooper (Minotaur Fighter)            Turns: 339, Time: 00:00:20

Health: 20/20      AC:  7    Str: 20    XL:     1   Next: 91%
Magic:  0/0        EV:  9    Int:  5    God:    Vehumet [*.....]
Gold:   27         SH:  4    Dex:  9    Spells: 0/0 levels left

rFire   . . .      SeeInvis .   a - +0 war axe
rCold   . . .      Faith    .   c - +0 buckler
rNeg    . . .      Spirit   .   b - +0 scale mail
rPois   .          Reflect  .   (helmet restricted)
rElec   .          Harm     .   (no cloak)
rCorr   .          Rampage  .   (no gloves)
Will    .....                   (no boots)
Stlth   ..........              (no amulet)
HPRegen 0.06/turn               (no ring)
MPRegen 0.07/turn               (no ring)

@: no status effects
A: horns 2, retaliatory headbutt
a: Renounce Religion


You were on level 1 of the Dungeon.
You worshipped Vehumet.
Vehumet was aware of your devotion.
You visited 1 branch of the dungeon, and saw 1 of its levels.

You collected 27 gold pieces.

Inventory:

Hand Weapons
 a - a +0 war axe (weapon)
Armour
 b - a +0 scale mail (worn)
 c - a +0 buckler (worn)
Scrolls
 f - a scroll of silence {unknown}
Potions
 d - a potion of might
 e - a potion of magic {unknown}


   Skills:
 + Level 3.9 Fighting
 + Level 2.5 Axes
 + Level 3.8 Armour
 + Level 3.7 Shields


You couldn't memorise any spells.
You didn't know any spells.
Your spell library was empty.

Dungeon Overview and Level Annotations

Branches:
Dungeon (1/15)

Altars:
Vehumet


Innate Abilities, Weirdness & Mutations

You have a pair of horns on your head.
You reflexively headbutt those who attack you in melee.


Message History

An endoplasm comes into view.
The endoplasm quivers.
An endoplasm is nearby!
You block the endoplasm's attack.
You barely miss the endoplasm. The endoplasm freezes you.
You are frozen.
An endoplasm is nearby!
You barely miss the endoplasm. You headbutt the endoplasm.
You kill the endoplasm!
You now have 27 gold pieces (gained 12).
Found a leather armour.
No target in view!
A bat comes into view.
You see here a +0 leather armour.
The bat hits you but does no damage.
A bat is nearby!
You slash the bat!
You kill the bat!
You open the door.
Found a gnoll skeleton.
No target in view!
No target in view!
Found a gnoll skeleton.
There is an open door here.
No target in view!
You open the door.
Found a faded altar of an unknown god.
There is an open door here.
There is a faded altar of an unknown god here.
You cannot tell which god this altar belongs to.
Convert to them anyway? [Y]es or [N]o only, please.
You cannot tell which god this altar belongs to.
Convert to them anyway?
Okay, then.
You cannot tell which god this altar belongs to.
Convert to them anyway?
Vehumet accepts your prayer! Vehumet welcomes you!
You can now gain magical power from killing.
Vehumet offers you knowledge of Foxfire.
Are you sure you want to abandon this character and quit the game? (Confirm with "yes".)

############
#..........#
#......#.###
##..♣♣♣.....#
##..♣♣@♣♣..#.##
##..♣♣..♣♣♣....#
#..♣♣...P♣♣♣.[.#
#.♣♣.....P♣♣♣..#
#.♣P.PP..PP.♣.##
#.♣.###'###P♣.#
.....
##.♣♣#.....#♣♣.#
.....
#..♣÷#..8..#÷♣.#
.....
#..♣♣#.....#♣♣.#


There were no monsters in sight!

Vanquished Creatures
  An endoplasm (D:1)
  A hobgoblin (D:1)
  3 ball pythons (D:1)
  A bat (D:1)
  A frilled lizard (D:1)
  2 rats (D:1)
9 creatures vanquished.

Notes
Turn   | Place    | Note
-------+----------+-------------------------------------------
     0 | D:1      | Exodus22XD the Minotaur Fighter began the quest for the
                  | Orb.
     0 | D:1      | Reached XP level 1. HP: 19/19 MP: 0/0
   331 | D:1      | Found a faded altar of an unknown god.
   338 | D:1      | Prayed at the altar of an unknown god.
   338 | D:1      | Became a worshipper of Vehumet
   338 | D:1      | Reached * piety under Vehumet
   338 | D:1      | Offered knowledge of Foxfire by Vehumet.
   339 | D:1      | Quit the game

Illustrated notes

Levels and vault maps discovered:
D:1:      minmay_arrival_solitary_statue, layout_rooms,
          dilly_ecumenical_altar_fadedgnrine, minmay_heptomino_d4

Action                   || total
-------------------------++-------
Melee: War axe           ||    18
       Headbutt          ||     4
Armor: Scale mail        ||     9
Dodge: Dodged            ||     2
Block: Buckler           ||     5
